 Dungeon Crawl Stone Soup version 0.25-a0-523-g9afb2ee040 (webtiles) character file.

Game seed: 10531818153533881872, levelgen mode: deterministic

625 Flugslaktarn the Chopper (level 7, -3/64 HPs)
             Began as a Deep Dwarf Fighter on Feb 18, 2020.
             Slain by an ogre
             ... wielding a +0 giant club
              (20 damage)
             ... on level 5 of the Dungeon.
             The game lasted 00:01:04 (1575 turns).

Flugslaktarn the Chopper (Deep Dwarf Fighter)       Turns: 1575, Time: 00:01:05

Health: -3/64      AC:  9    Str: 21    XL:     7   Next: 23%
Magic:  1/1        EV:  7    Int:  9    God:
Gold:   161        SH: 10    Dex: 12    Spells: 6/6 levels left

rFire    + . .     SeeInvis .   a - +0 war axe
rCold    . . .     Gourm    .   c - +0 kite shield
rNeg     . . .     Faith    .   b - +0 scale mail
rPois    .         Spirit   .   j - +2 hat
rElec    .         Reflect  .   (no cloak)
rCorr    +         Harm     .   (no gloves)
MR       +....                  (no boots)
Stlth    ..........             (no amulet)
HPRegen  0.00/turn              f - ring of protection from fire
MPRegen  0.07/turn              k - ring of resist corrosion

@: non-regenerating
A: damage resistance, heal wounds, sense surroundings 1, no regeneration
a: Heal Wounds


You were on level 5 of the Dungeon.
You were hungry.

You visited 1 branch of the dungeon, and saw 5 of its levels.

You collected 161 gold pieces.

Inventory:

Hand Weapons
 a - a +0 war axe (weapon)
Armour
 b - a +0 scale mail (worn)
 c - a +0 kite shield (worn)
 j - a +2 hat (worn)
   (You found it on level 4 of the Dungeon)
Jewellery
 f - a ring of protection from fire (left hand)
   (You found it on level 4 of the Dungeon)
 k - a ring of resist corrosion (right hand)
   (You found it on level 4 of the Dungeon)
Scrolls
 l - a scroll of identify {unknown}
 o - a scroll of teleportation {unknown}
Potions
 d - a potion of might
 g - a potion of haste {unknown}
 h - 2 potions of curing {unknown}
 i - a potion of flight {unknown}
 n - a potion of resistance {unknown}
Comestibles
 e - 3 rations
 m - a chunk of flesh


   Skills:
 + Level 4.1 Fighting
 * Level 5.8 Axes
 + Level 5.0 Armour
 + Level 5.0 Shields


You had 6 spell levels left.
You didn't know any spells.
Your spell library was empty.

Dungeon Overview and Level Annotations

Branches:
Dungeon (5/15)             Temple (0/1) D:4

Altars:
Ashenzari
Xom

Annotations:
D:4 3 runed translucent doors, TomasB23's ghost, amateur OgBe


Innate Abilities, Weirdness & Mutations

You are resistant to damage.
You can heal yourself by infusing magical energy.
You passively map a small area around you.
You do not regenerate.


Message History

You closely miss the ogre.
The ogre is severely wounded.
You block the ogre's attack.
You fail to use your ability.
You block the ogre's attack.
You are too injured to fight recklessly!
You are too injured to fight recklessly!
You are too injured to fight recklessly!
You are too injured to fight recklessly!
You are too injured to fight recklessly!
You are too injured to fight recklessly!
You are too injured to fight recklessly!
You are too injured to fight recklessly!
You closely miss the ogre.
The ogre is severely wounded.
The ogre hits you with a +0 giant club.
* * * LOW HITPOINT WARNING * * *
You barely miss the ogre.
The ogre is severely wounded.
The ogre hits you with a +0 giant club!!
You die...

#.##.....##
####.#..###..#
#....#.## ##.#
#.##...#,, #.#
#......#
##.###
#...#)##*
#....##
#ZZ##lZ#*
#####.##
##O#,..$+
,##.# #@#
..?#* #.## #.#
(.##*,, #...
#..*###,*,,
#..# ##.. , ,
* #..# *###*
#...# * ,
,,,....## ,
....## #####


You could see an ogre, a bullfrog zombie and a bullfrog skeleton.

Vanquished Creatures
  3 ogres
  2 scorpions
  A howler monkey (D:4)
  A centaur skeleton (D:4)
  A bullfrog skeleton (D:4)
  An iguana (D:5)
  2 worker ants (D:4)
  4 gnolls (D:4)
  2 adders
  An ooze (D:1)
  An adder skeleton (D:4)
  2 worms (D:4)
  A dart slug (D:1)
  2 leopard geckos
  3 orcs
  3 goblins
  2 hobgoblins
  4 jackals
  4 kobolds (D:1)
  2 quokkas
  2 bats
  2 frilled lizards
  5 rats
51 creatures vanquished.

Notes
Turn   | Place    | Note
-------+----------+-------------------------------------------
     0 | D:1      | Flugslaktarn the Deep Dwarf Fighter began the quest for the
                  | Orb.
     0 | D:1      | Reached XP level 1. HP: 20/20 MP: 1/1
     0 | D:1      | Noticed a naga
     3 | D:1      | Noticed a ghoul
     5 | D:1      | Noticed a gargoyle
     7 | D:1      | Noticed a ghoul
    10 | D:1      | Noticed a vine stalker
    10 | D:1      | Noticed a troll
    12 | D:1      | Noticed a felid
    13 | D:1      | Noticed a formicid
    14 | D:1      | Noticed a vine stalker
    16 | D:1      | Noticed a ghoul
    16 | D:1      | Noticed a minotaur
    16 | D:1      | Noticed a centaur
    18 | D:1      | Noticed an ogre
    20 | D:1      | Noticed a vampire
    66 | D:1      | Found a shattered altar of Ashenzari.
   237 | D:1      | Reached XP level 2. HP: 22/27 MP: 2/2
   552 | D:2      | Reached XP level 3. HP: 26/34 MP: 3/3
   661 | D:3      | Noticed a scorpion
   678 | D:3      | Killed a scorpion
   678 | D:3      | Reached XP level 4. HP: 42/42 MP: 3/3
   704 | D:4      | Found a shimmering altar of Xom.
   724 | D:4      | Noticed an angel
   749 | D:4      | Noticed an ogre
   759 | D:4      | Killed an ogre
   759 | D:4      | Reached XP level 5. HP: 19/49 MP: 4/4
   791 | D:4      | Found a staircase to the Ecumenical Temple.
   816 | D:4      | Noticed an ogre
   828 | D:4      | Reached XP level 6. HP: 25/57 MP: 4/4
   833 | D:4      | Reached skill level 5 in Axes
   925 | D:4      | Noticed a rust devil
  1031 | D:4      | Found a runed translucent gate.
  1031 | D:4      | Found a runed translucent gate.
  1031 | D:4      | Found a runed translucent gate.
  1031 | D:4      | Noticed TomasB23's ghost (amateur OgBe)
  1385 | D:5      | Entered Level 5 of the Dungeon
  1545 | D:5      | Reached skill level 5 in Armour
  1545 | D:5      | Reached skill level 5 in Shields
  1545 | D:5      | Reached XP level 7. HP: 26/64 MP: 2/2
  1575 | D:5      | Slain by an ogre

Levels and vault maps discovered:
D:1:      shiori_arrival_whats_in_store_for_you, layout_loops_corners,
          dk_noncrumbling_3, chequers_big_river, amethyst_killhole,
          nicolae_ashenzari_panopticon
D:2:      layout_rooms, serial_bayou_pond_e, supply_closet_lemuel
D:3:      layout_basic, chequers_serial_rivers_micro_d, uniq_ijyb, uniq_jessica,
          uniq_terence
D:4:      layout_loops_ring, temple_garden, gammafunk_ghost_necromancy,
          serial_bayou, serial_bayou_ford_a, serial_bayou_pond_a,
          serial_bayou_crossing, serial_bayou_pond_b, serial_bayou_shore_b,
          minmay_misc_feat_chi, xom_teletrap_fun
D:5:      layout_basic, first_ration, minmay_joined_circles

Skill      XL: |  1  2  3  4  5  6 |
---------------+-------------------+-----
Fighting       | 3 4 |  4.1
Axes           | 3 4 5 |  5.8
Armour         | 4 5 |  5.0
Shields        | 4 5 |  5.0

Action                   |  1- 3 |  4- 6 |  7- 9 || total
-------------------------+-------+-------+-------++-------
Melee: War axe           |    86 |    87 |    27 ||   200
 Abil: Heal Wounds       |     1 |     6 |     2 ||     9
  Eat: Chunk             |       |     2 |       ||     2
Armor: Scale mail        |    43 |    39 |    10 ||    92
Dodge: Dodged            |    23 |    31 |     5 ||    59
Block: Kite shield       |    44 |    45 |    13 ||   102

Table legend:
 A = Non-vault XP
 B = Vault XP
 C = Vault XP percentage of total XP
 D = Non-vault monster count
 E = Vault monster count
 F = Vault count percentage of total count
                 A         B        C        D         E       F
            +---------+---------+-------+---------+---------+-------
      Total |     488 |     406 |  45.4 |      42 |       9 |  17.6
            +---------+---------+-------+---------+---------+-------
        D:1 |      27 |       0 |   0.0 |      13 |       0 |   0.0
        D:2 |      26 |       0 |   0.0 |       8 |       0 |   0.0
        D:3 |      70 |       0 |   0.0 |       5 |       0 |   0.0
        D:4 |     361 |     239 |  39.8 |      14 |       4 |  22.2
        D:5 |       4 |     167 |  97.7 |       2 |       5 |  71.4
            +---------+---------+-------+---------+---------+-------
